AoeStats
← Leda

Arena

509357893Analyzed
1v1 RM · 7d ago on Sep 26, 2026· 36m 18s· 2 players
Game mode
Random Map
Map size
Tiny (2 player)
Population
200
Speed
Normal
Resources
Standard
Victory
Conquest
Starting age
Dark Age
Ending age
Imperial Age
RankedLock teamsTeams togetherTeam positionsShared explorationLock speedFull tech treeHidden civsTurbo modeCheats
Victory
Defeat
🇷🇺 Slavs · Russia
955
+16
🇨🇿 Maya · Czechia
955
-46
a3axapob
9:34 Feudal Age
10:04 Double-Bit Axe
15:13 Castle Age
13:02 Horse Collar
16:07 Bow Saw
16:23 Heavy Plow
17:56 Wheelbarrow
19:09 Stone Mining
21:57 Gold Mining
29:32 Imperial Age
27:18 Hand Cart
28:03 Scale Barding Armor
28:26 Detinets
29:14 Gold Shaft Mining
28:49 Town Watch
29:45 Forging
29:39 Husbandry
29:50 Bloodlines
30:01 Town Patrol
30:23 Chain Barding Armor
31:42 Two-Man Saw
30:25 Capped Ram
31:57 Siege Engineers
32:14 Ballistics
32:54 Iron Casting
33:01 Redemption
33:24 Conscription
33:42 Crop Rotation
32:52 Light Cavalry
34:47 Fletching
35:58 Blast Furnace
35:47 Bodkin Arrow
37:26 Chemistry
Leda
1:35 Loom
13:44 Feudal Age
16:14 Stone Mining
16:13 Double-Bit Axe
16:57 Horse Collar
18:59 Wheelbarrow
18:11 Town Watch
28:47 Castle Age
Connection lost

Rejoining the realm…

Still unreachable

The connection could not be restored.

Session expired

The server has moved on; the page needs a fresh start.